Unix NetHack Version 3.7.0-88 Work-in-progress - last build Aug 6 2023 13:40:22 (5c9c4c7fffe0d5f0a8b1342c2a36a56ed743986a,branch:master). Game began 2023-08-15 09:41:45, ended 2023-08-15 10:10:26. puncake, chaotic male orcish Rogue ---------------- ----------- |..+...........| |`.......`| |........^.....| |.........| -.---------.-.-- |.........| ------------- # # # |......^..| ............| # ##### #.....{.>.0| |............| # #### #### #--------.-- ##-............| # # a # ## # -------------- # # ------|----- ## # ### # ##### |..........| ####### ## # # ### |...........## # ### # # |..........| # # --|--.-- ------------ # # |......| ---------.-######### |......| |.....(...|# |......| |..........# -------- ----------- Puncake the Rogue St:12 Dx:18 Co:17 In:9 Wi:9 Ch:14 Chaotic S:2811 Dlvl:10 $:109 HP:0(56) Pw:18(18) AC:4 Xp:6/563 T:5463 Burdened Latest messages: You get expelled! It hits! You attack thin air. It engulfs you! You get expelled! It hits! You attack thin air. It hits! It hits! You destroy it! You attack thin air. You have a little trouble lifting $ - 33 gold pieces (82 in total). O - a rustproof runesword named Stormbringer (weapon in hand). R - a dagger (alternate weapon; not wielded). You can see again. You hear the footsteps of a guard on patrol. You have a little trouble lifting P - a plaid spellbook. You hear the footsteps of a guard on patrol. You have a little trouble lifting W - a spiked wand. What do you want to drop? You drop a plaid spellbook. You hear water falling on coins. The door opens. You have a little trouble lifting $ - 27 gold pieces (109 in total). A bear trap closes on your foot! You hear the footsteps of a guard on patrol. You are caught in a bear trap. You are caught in a bear trap. You are caught in a bear trap. You are caught in a bear trap. You are caught in a bear trap. You are caught in a bear trap. You are caught in a bear trap. You finally wriggle free. You hear someone counting gold coins. Your leg feels better. Where do you want to travel to? (For instructions type a '?') Double run prefix, canceled. The soldier ant bites! The soldier ant stings! The soldier ant strikes at thin air! The soldier ant bites! The soldier ant misses! The soldier ant bites! The soldier ant stings! The soldier ant bites! The soldier ant stings! You die... Do you want to see the dungeon overview? q Inventory: Coins $ - 109 gold pieces Weapons R - an uncursed +0 dagger (alternate weapon; not wielded) b - 13 uncursed +0 orcish daggers (at the ready) O - the uncursed rustproof +0 Stormbringer (weapon in hand) Armor w - an uncursed +0 orcish helm (being worn) T - an uncursed +0 pair of iron shoes (being worn) c - an uncursed +1 leather armor (being worn) Comestibles o - 2 uncursed food rations S - an uncursed fortune cookie g - an uncursed tripe ration M - an uncursed egg Z - an uncursed lizard corpse Scrolls I - an uncursed scroll of blank paper A - an uncursed scroll of charging p - an uncursed scroll of create monster C - a cursed scroll of create monster N - an uncursed scroll of earth s - an uncursed scroll of gold detection z - an uncursed scroll of identify l - a cursed scroll of identify u - an uncursed scroll of remove curse q - an uncursed scroll of stinking cloud j - an uncursed scroll of teleportation Potions t - an uncursed potion of booze i - an uncursed potion of fruit juice m - an uncursed potion of monster detection Q - an uncursed potion of object detection y - an uncursed potion of restore ability L - an uncursed potion of see invisible d - an uncursed potion of sickness D - an uncursed potion of sleeping r - 2 potions of holy water Rings G - an uncursed ring of cold resistance h - a cursed -1 ring of gain constitution v - an uncursed ring of stealth F - an uncursed ring of stealth Wands k - an uncursed wand of nothing (0:3) W - an uncursed wand of secret door detection (0:11) Tools f - an empty uncursed sack E - an uncursed blindfold x - a blessed brass lantern e - an uncursed lock pick Gems/Stones U - an uncursed obsidian stone n - an uncursed worthless piece of violet glass V - an uncursed worthless piece of yellowish brown glass Puncake the Rogue's attributes: Background: You were a Rogue, level 6 male orc. You were chaotic, on a mission for Kos who was opposed by Issek (lawful) and Mog (neutral). You were in the Dungeons of Doom, on level 10. You entered the dungeon 5463 turns ago. There was a new moon in effect when your adventure ended. You had 563 experience points, 77 more were needed to attain level 7. Your score was 2811 before end-of-game adjustments. Basics: You had 0 out of 56 hit points. You had all 18 energy points (spell power). Your armor class was 4. Your wallet contained 109 zorkmids. Autopickup was on for '%$?!/="+' plus thrown, with exceptions. Final Characteristics: Your strength was 12 (limit:18/50). Your dexterity was 18 (limit:18). Your constitution was 17 (limit:18). Your intelligence was 9 (limit:16). Your wisdom was 9 (limit:16). Your charisma was 14 (limit:16). Final Status: You were not hungry. You were burdened; movement was slightly slowed. You were wielding a broadsword. You had basic skill with broadsword. Final Attributes: You were piously aligned. You were cold resistant. You were poison resistant. You were level-drain resistant. You had infravision. You were invisible. You were stealthy. You were warded. You were lucky. You are dead. Miscellaneous: You never encountered a bones level. Total elapsed playing time was 28 minutes and 40 seconds. Major events: Turn 1: puncake the chaotic male orcish Rogue entered the dungeon 709: entered the Gnomish Mines 1152: attained the rank of Cutpurse (level 3) 3167: was bestowed with Stormbringer by Kos 4026: attained the rank of Rogue (level 6) 5463: killed by a soldier ant Vanquished creatures: a tengu a leocrotta 4 giant beetles a leprechaun a black light an ogre a yeti a lizard a housecat a dwarf leader a blue jelly a dust vortex 3 apes a water nymph a rock mole a gnome leader a guardian naga hatchling a gray ooze a paper golem a little dog a floating eye 2 kittens a dwarf a kobold leader 4 rothes a centipede a giant bat an iguana a killer bee an acid blob a gas spore a hobbit 2 large kobolds a hobgoblin 5 giant rats a green mold 8 garter snakes a gnome zombie 3 geckos 3 jackals 2 foxes a kobold 3 goblins a sewer rat 9 grid bugs 2 bats a lichen a kobold zombie 5 newts 90 creatures vanquished. No species were genocided or became extinct. Voluntary challenges: You read items or engraved 4 times. You engraved Elbereth 2 times. You never genocided any monsters. You never polymorphed an object. You never changed form. You used no wishes. Achievements: You entered the Gnomish Mines. You attained the rank of Cutpurse. You attained the rank of Rogue. The Dungeons of Doom: levels 1 to 10 Level 1: Level 2: Stairs down to The Gnomish Mines. Level 3: Level 4: Some fountains. Level 5: An altar to Kos, a fountain. Level 6: Level 7: An altar to Kos, a fountain. Level 8: Some altars, a fountain. Level 9: Many fountains. Level 10: <- You were here. A fountain. Final resting place for you, killed by a soldier ant. The Gnomish Mines: Level 3: Game over: ---------- / \ / REST \ / IN \ / PEACE \ / \ | puncake | | 109 Au | | killed by a | | soldier ant | | | | | | 2023 | *| * * * | * _________)/\\_//(\/(/\)/\//\/|_)_______ Goodbye puncake the Rogue... You died in The Dungeons of Doom on dungeon level 10 with 2801 points, and 109 pieces of gold, after 5463 moves. You were level 6 with a maximum of 56 hit points when you died.